 Dungeon Crawl Stone Soup version 0.32-a0-834-geaf45d8e21 (webtiles) character file.

Game seed: 7734777498501688710

464 javelincjr the Trooper (level 6, -3/61 HPs)
             Began as a Troll Warper on Mar 25, 2024.
             Slain by a gnoll bouda
             ... wielding a +0 whip
              (9 damage)
             ... on level 5 of the Dungeon.
             The game lasted 00:09:55 (3545 turns).

javelincjr the Trooper (Troll Warper)               Turns: 3545, Time: 00:09:56

Health: -3/61      AC:  4    Str: 22    XL:     6   Next: 80%
Magic:  8/8        EV:  9    Int: 15    God:
Gold:   426        SH:  0    Dex:  9    Spells: 6/10 levels left

rFire   . . .        m - +1 hand axe (distort)
rCold   . . .        (no shield)
rNeg    . . .        b - +0 robe
rPois   .            (helmet restricted)
rElec   .            (no cloak)
rCorr   .            (gloves unavailable)
SInv    .            (boots unavailable)
Will    .....        (no amulet)
Stlth   +            h - +6 ring of intelligence
HPRegen 1.10/turn    (no ring)
MPRegen 0.11/turn

%: no passive effects
@: no status effects
A: large, unfitting armour, claws 3, regeneration 1, shaggy fur 1, tough skin 1
a: no special abilities


You were on level 5 of the Dungeon.
You visited 2 branches of the dungeon, and saw 6 of its levels.

You collected 426 gold pieces.

Inventory:

Hand Weapons
 j - a +0 trident
 m - a +1 hand axe of distortion (weapon)
Missiles
 d - 5 darts of dispersal (quivered)
 o - a boomerang
 q - 8 poisoned darts
Armour
 b - a +0 robe (worn)
Jewellery
 h - a +6 ring of intelligence (left claw)
 n - a ring of fire
 w - a ring of see invisible
Scrolls
 c - a scroll of blinking
 e - a scroll of immolation {unknown}
 f - 4 scrolls of identify {unknown}
 g - a scroll of poison {unknown}
 i - 3 scrolls of enchant weapon {unknown}
 l - a scroll of acquirement {unknown}
 p - 2 scrolls of revelation {unknown}
 r - a scroll of noise {unknown}
 s - a scroll of fog {unknown}
 t - a scroll of vulnerability {unknown}
 v - 2 scrolls of teleportation {unknown}
Potions
 a - 2 potions of curing
 k - 2 potions of lignification
 u - a potion of might {unknown}
 x - a potion of resistance {unknown}


   Skills:
 * Level 3.5 Fighting
 + Level 2.7 Axes
 - Level 0.8 Throwing
 + Level 2.9 Dodging
 + Level 2.5 Spellcasting
 + Level 2.9 Translocations


You had 6 spell levels left.
You knew the following spells:

 Your Spells              Type           Power      Damage    Failure   Level
a - Blink                 Tloc           20%        N/A       10%         2
b - Lesser Beckoning      Tloc           20%        N/A       10%         2

Your spell library contained the following spells:

 Spells                   Type           Power      Damage    Failure   Level
 Teleport Other           Tloc           10%        N/A       19%         3
 Slow                     Hex            4%         N/A       22%         1
 Volatile Blastmotes      Fire/Tloc      12%        2d11      34%         3
 Confusing Touch          Hex            1%         N/A       54%         3
 Inner Flame              Hex/Fire       1%         N/A       54%         3
 Passwall                 Erth           1%         N/A       54%         3
 Vampiric Draining        Necr           1%         2d6       54%         3
 Manifold Assault         Tloc           10%        N/A       54%         4
 Vhi's Electric Charge    Tloc/Air       12%        N/A       75%         4
 Irradiate                Conj/Alch      0%         3d11      99%         5
 Bombard                  Conj/Erth      0%         9d1       100%        6
 Ignition                 Fire           0%         3d3       100%        8


Dungeon Overview and Level Annotations

Branches:
Dungeon (5/15)             Temple (1/1) D:4

Altars:
Ashenzari
Cheibriados
Dithmenos
Fedhas
Gozag
Hepliaklqana
Kikubaaqudgha
Nemelex Xobeh
Qazlal
Ru
Uskayaw
Vehumet
Xom
Zin
The Shining One

Shops:
D:1 !   D:3 *


Innate Abilities, Weirdness & Mutations

You are too large for most types of armour.
You have claws for hands.
Your natural rate of healing is unusually fast.
You are covered in fur. (AC +1)
You have tough skin. (AC +1)


Message History

You hit the scorpion.
Space warps around the scorpion.
The gnoll blinks!
The scorpion stings you but does no damage.
The sleepcap releases spores at you.
You are engulfed in a cloud of soporific spores!
You are unaffected.
The scorpion stings you.
The sleepcap releases spores at you but does no damage.
The scorpion stings you but does no damage.
The sleepcap releases spores at you!
You are engulfed in a cloud of soporific spores!
You are unaffected.
You are too injured to fight recklessly!
You hit the sleepcap.
Space warps around the sleepcap.
The sleepcap is heavily damaged.
You hit the scorpion but do no damage.
Space warps around the scorpion.
The scorpion closely misses you.
The gnoll hits you from afar with a +0 spear.
* * * LOW HITPOINT WARNING * * *
The sleepcap releases spores at you.
* * * LOW HITPOINT WARNING * * *
You are engulfed in a cloud of soporific spores!
You are unaffected.
The scorpion stings you.
* * * LOW HITPOINT WARNING * * *
You are poisoned.
The scorpion poisons you!
You hit the sleepcap.
The sleepcap is devoured by a tear in reality.
You hit the gnoll bouda but do no damage.
Space warps around the gnoll bouda.
You closely miss the scorpion.
Your attacks no longer feel as feeble.
You feel very sick.
The gnoll hits you from afar with a +0 spear!
* * * LOW HITPOINT WARNING * * *
The gnoll bouda barely misses you.
The scorpion stings you but does no damage.
It was a potion of curing.
You feel better.
The gnoll hits you from afar with a +0 spear.
* * * LOW HITPOINT WARNING * * *
The scorpion stings you but does no damage.
The gnoll bouda hits you with a +0 whip!
You die...

# #. .....
#.#.######.#######
.
+.................
#.
#.##.####..#######
#..
................
#...
###.#.#..########
#.... ##........#
#....§#§.#.#.##.#
+....§§@s#.#..#.#
#....§g=.#.##.#.#
###....#g#.# .#.#
#..#.#.#.. ....
....#.#.#.. ...#
#..# #.#.#.. ...#
... #. .# ## .. ..


You could see a gnoll bouda, a scorpion and a gnoll (swift).

Vanquished Creatures
  An ogre (D:4)
  A jelly (D:5)
  Natasha (thrice) (D:3)
  2 orc wizards
  7 adders
  A gnoll (D:5)
  4 dart slugs
  3 ribbon worms
  8 orcs
  11 endoplasms
  5 giant cockroaches
  5 goblins
  2 hobgoblins (D:2)
  5 kobolds
  A quokka (D:3)
  4 ball pythons
  4 bats
  3 frilled lizards
  4 rats
74 creatures vanquished.

Notes
Turn   | Place    | Note
-------+----------+-------------------------------------------
     0 | D:1      | javelincjr the Troll Warper began the quest for the Orb.
     0 | D:1      | Reached XP level 1. HP: 19/19 MP: 1/1
    44 | D:1      | Found Pigedat's Distillery.
   113 | D:1      | Reached XP level 2. HP: 28/28 MP: 3/3
   132 | D:1      | Learned a level 2 spell: Blink
   157 | D:1      | Reached skill level 2 in Fighting
   531 | D:2      | Reached XP level 3. HP: 35/35 MP: 4/4
   554 | D:2      | Found a faded altar of an unknown god.
   828 | D:2      | Learned a level 2 spell: Lesser Beckoning
  1235 | D:3      | Reached XP level 4. HP: 44/44 MP: 5/5
  1841 | D:3      | Noticed Natasha
  1845 | D:3      | Killed Natasha
  1867 | D:3      | Reached XP level 5. HP: 50/50 MP: 7/7
  1887 | D:3      | Found Zin's Purification Station.
  1889 | D:3      | Found a glowing silver altar of Zin.
  2016 | D:3      | Noticed Natasha
  2021 | D:3      | Killed Natasha
  2180 | D:3      | Noticed Natasha
  2184 | D:3      | Killed Natasha
  2339 | D:4      | Reached skill level 3 in Fighting
  2834 | D:4      | Reached XP level 6. HP: 61/61 MP: 8/8
  3009 | D:4      | Found a staircase to the Ecumenical Temple.
  3014 | Temple   | Entered the Ecumenical Temple
  3472 | D:5      | Entered Level 5 of the Dungeon
  3544 | D:5      | HP: 2/61 [gnoll/+0 spear[a gnoll bouda] (9)]
  3545 | D:5      | Slain by a gnoll bouda

Illustrated notes

Levels and vault maps discovered:
D:1:      lemuel_arrival_broad_hall, layout_rooms, serial_shops, shop,
          minmay_gold_behind_fungi
D:2:      layout_loops_ring, basic_ecumenical_altar, minmay_distorted
D:3:      layout_basic, zin_purify, serial_corexii_hall, corexii_hall_statues_x,
          chequers_hall_statues_wall_a, corexii_hall_statues_l,
          chequers_hall_statues_y, corexii_hall_statues_deadend,
          chequers_hall_statues_corner_a, serial_park_tiny_2,
          grunt_decor_clamped, uniq_natasha
D:4:      layout_layer_cave, temple_doors_cd, nicolae_twisty_statue_hallways
D:5:      layout_basic, mainiacjoe_overflow_alcove_1, uniq_prince_ribbit1,
          uniq_grinder, uniq_menkaure
Temple:   nicolae_temple_bog_church

Skill      XL: |  1  2  3  4  5 |
---------------+----------------+-----
Dodging        | 2 |  2.9
Fighting       | 2 3 |  3.5
Axes           | 2 |  2.7
Spellcasting   | 2 |  2.5
Throwing       | |  0.8
Translocations | |  2.9

Action                     |  1- 3 |  4- 6 || total
---------------------------+-------+-------++-------
  Melee: Hand axe          |   132 |   124 ||   256
  Throw: Dart              |       |     5 ||     5
  Evoke: Wand              |       |     1 ||     1
    Use: Potion            |       |     3 ||     3
   Stab: Sleeping          |       |     1 ||     1
 Armour: Robe              |    92 |   125 ||   217
         Skin              |       |     4 ||     4
  Dodge: Dodged            |    47 |    65 ||   112

Table legend: (Time is in decaauts)
 A = Elapsed time spent in this place.
 B = Non-inter-level travel time spent in this place.
 C = Inter-level travel time spent in this place.
 D = Time resting spent in this place.
 E = Time spent auto-exploring this place.
 F = Levels seen in this place.
 G = Mean time per level.
                   A        B        C        D        E       F      G
               +--------+--------+--------+--------+--------+-----+--------+
         Total |   3593 |   3480 |    113 |     89 |   2646 |   6 |  598.8 |
       Dungeon |   3537 |   3440 |     97 |     89 |   2646 |   5 |  707.4 |
        Temple |     55 |     39 |     16 |      0 |      0 |   1 |   55.0 |
               +--------+--------+--------+--------+--------+-----+--------+

Top non-repeatable levels by time:
     D:3: 1134 daAuts
     D:4: 1095 daAuts
     D:2: 789 daAuts
     D:1: 444 daAuts
     D:5: 74 daAuts
  Temple: 55 daAuts
